Map: Central Protocol

Players

Soundwave - Winner!

  • Race: Terran Terran

A.I. 1 (Very Hard)

  • Race: Terran Terran

VOD

Have the link to the VOD?

Description

Time

  • Played on: Nov. 17, 2015, 6:32 a.m.
  • Length: 19:43
Show
View Real Time Build Order
Export as new Build Order

Soundwave Terran - Winner!

Build Orders:  

Get SALT Encoding   

  12  0:02  SCV  
  13  0:14  SCV  
  14  0:27  SCV  
  15  0:30  Supply Depot  
  15  0:36  Refinery  
  15  0:54  Barracks  
  15  1:07  SCV  
  16  1:19  SCV  
  17  1:30  Command Center  
  17  1:42  Orbital Command  
  17  1:45  Marine  
  18  2:03  Marine  
  19  2:12  SCV  
  20  2:19  Barracks  
  20  2:21  Marine  
  21  2:24  SCV  
  22  2:37  SCV  
  23  2:41  Factory  
  23  2:49  SCV  
  23  2:50  Orbital Command  
  24  3:01  SCV  
  24  3:04  Refinery  
  25  3:07  Barracks Tech Lab  
  25  3:08  Barracks Reactor  
  25  3:13  SCV  
  25  3:17  Barracks  
  26  3:25  SCV x2  
  28  3:32  Supply Depot  
  28  3:37  SCV x2  
  30  3:44  Factory Tech Lab  
  30  3:48  Marine x3  
  32  3:51  SCV x2  
  35  3:57  Starport  
  35  4:03  SCV x2  
  35  4:07  Barracks  
  37  4:11  Barracks Reactor  
  37  4:13  Marine x2  
  37  4:14  Marine  
  40  4:18  Cyclone  
  40  4:22  SCV x2  
  45  4:25  Stimpack  
  45  4:31  Marine  
  46  4:36  Factory  
  46  4:37  Starport Tech Lab  
  46  4:48  Engineering Bay x2  
  46  4:54  Barracks Reactor  
  46  5:17  Supply Depot  
  46  5:18  Supply Depot  
  46  5:22  Supply Depot  
  46  5:38  SCV, Medivac, Marine x5  
  46  5:39  Marine x2  
  46  5:40  SCV  
  57  5:50  SCV  
  57  5:51  Refinery  
  57  5:52  SCV  
  57  5:54  Refinery  
  59  6:03  Command Center, SCV  
  60  6:04  SCV  
  60  6:05  Terran Infantry Weapons Level 1  
  60  6:06  Terran Infantry Armor Level 1  
  60  6:08  Medivac  
  63  6:15  SCV  
  63  6:16  SCV  
  65  6:27  Armory, SCV  
  65  6:28  SCV  
  65  6:29  Siege Tank  
  70  6:44  Supply Depot  
  70  6:45  Supply Depot  
  70  6:46  Supply Depot x2  
  70  6:48  Supply Depot  
  70  6:49  Factory Tech Lab  
  70  7:05  Siege Tank, Marine x5  
  70  7:06  Marine  
  70  7:07  Marauder  
  81  7:10  Siege Tank  
  84  7:18  Medivac  
  84  7:20  SCV x2  
  88  7:23  Marine x5  
  88  7:24  Marine  
  88  7:28  Marine  
  95  7:38  Siege Tank  
  95  7:41  Marine x5  
  103  8:05  Thor  
  103  8:07  Marine x3  
  103  8:08  Marine x4  
  103  8:09  Thor  
  122  8:13  Medivac  
  122  8:19  Refinery  
  120  8:23  Refinery  
  120  8:25  Marine x4  
  120  8:26  Marine x3  
  90  8:43  Medivac, Marine x5  
  90  8:44  Marine x2  
  99  8:53  Hellbat x2  
  103  9:01  Marine x4  
  107  9:12  Marauder  
  107  9:13  Marine x2  
  107  9:14  Hellbat x2  
  115  9:33  Marauder  
  115  9:35  Thor  
  115  9:36  Hellbat  
  125  9:51  Orbital Command  
  125  10:42  Terran Infantry Weapons Level 2  
  125  10:43  Terran Infantry Armor Level 2  
  125  10:44  Terran Vehicle Weapons Level 1  
  125  11:06  Supply Depot  
  125  11:07  Supply Depot x2  
  125  11:08  Supply Depot  
  125  11:11  Supply Depot  
  125  11:15  High Capacity Fuel Tanks, Infernal Pre-Igniter  
  125  11:17  Drilling Claws  
  125  11:19  Concussive Shells  
  125  11:27  Marine x2  
  125  11:28  SCV, Marine x4, Siege Tank, Marauder  
  125  11:29  SCV x2, Thor, Medivac  
  125  11:31  Supply Depot  
  147  11:33  Command Center, Supply Depot  
  147  11:40  SCV  
  147  11:41  SCV x2  
  147  11:42  Barracks  
  147  11:43  Barracks  
  147  11:45  Marine  
  147  11:46  Marine x2  
  153  11:49  Marauder  
  155  11:59  SCV, Medivac  
  155  12:00  Siege Tank  
  161  12:01  Marine  
  161  12:02  Marine x2  
  161  12:03  Marine  
  161  12:04  Marine x2  
  167  12:11  Marauder  
  167  12:12  Thor  
  175  12:17  Supply Depot  
  175  12:18  Supply Depot  
  175  12:19  Marine x2  
  175  12:20  Supply Depot  
  177  12:28  Medivac  
  179  12:32  Marauder  
  179  12:36  Barracks  
  181  12:39  Thor  
  181  12:42  Supply Depot  
  181  12:43  Supply Depot  
  187  12:44  Supply Depot  
  187  12:45  Orbital Command  
  187  12:54  Marauder  
  187  12:56  Command Center  
  189  13:00  Terran Infantry Weapons Level 3  
  189  13:01  Terran Infantry Armor Level 3  
  189  13:02  Terran Vehicle Weapons Level 2  
  189  13:08  Supply Depot  
  189  13:36  Marine x5  
  189  13:37  Marine x2  
  196  13:47  Refinery  
  196  13:53  Marine  
  196  13:54  Marine x3  
  200  14:12  Planetary Fortress  
  200  14:18  Command Center  
  200  14:20  Refinery  
  200  14:21  Combat Shields, Refinery  
  150  15:10  Thor  
  150  15:11  Thor  
  150  15:12  Marine x4  
  150  15:13  Marine x3  
  169  15:29  Terran Vehicle Weapons Level 3  
  169  15:30  Marine x6  
  169  15:31  Marine  
  176  15:40  Viking  
  178  15:48  Marine x6  
  184  15:53  Thor x2, Neosteel Frame, Hi-Sec Auto Tracking  
  196  16:02  Marine  
  197  16:05  Marine  
  197  16:06  Marine x2  
  175  16:36  Thor x2  
  170  16:41  Marine  
  170  16:42  Marine x6  
  170  16:48  Medivac  
  172  16:59  Marine x2  
  172  17:00  Marine x5  
  179  17:17  Marine x3  
  179  17:18  Medivac, Marine x3  
  179  17:19  Thor, Marauder  
  179  17:20  Hellbat  
  197  17:27  Planetary Fortress  
  197  17:35  Marine x3  
  198  18:02  Hellbat  
  200  18:18  Marine x2  
  200  18:19  Marine x2  
  189  18:40  Marine x2  
  189  18:41  Marine x5  
  193  18:47  Hellbat x2  
  198  18:58  Marine x4  
  198  18:59  Marine x3  
  187  19:16  Marine x5  
  187  19:17  Marine x2  
  191  19:21  Hellbat x2  
Show
View Real Time Build Order
Export as new Build Order

A.I. 1 (Very Hard) Terran 

Build Orders: Bio Tank, MMM Bio 

Get SALT Encoding   

  12  0:00  SCV  
  13  0:13  SCV  
  14  0:18  Supply Depot  
  14  0:25  SCV  
  15  0:29  Refinery  
  15  0:40  SCV  
  16  0:47  Barracks  
  16  0:52  SCV  
  17  1:04  SCV  
  18  1:16  SCV  
  19  1:34  Marine  
  19  1:35  Supply Depot  
  19  1:36  Orbital Command  
  20  1:40  Factory  
  20  1:51  Barracks  
  20  1:52  Marine  
  21  2:02  SCV  
  21  2:05  Refinery  
  22  2:10  Marine  
  22  2:14  SCV  
  24  2:21  Supply Depot  
  24  2:23  Factory Tech Lab  
  24  2:26  SCV  
  24  2:29  Marine  
  26  2:37  Marine  
  26  2:43  Siege Tank  
  30  2:45  SCV  
  30  2:48  Marine  
  32  2:55  Marine  
  33  2:59  Supply Depot, SCV  
  34  3:06  Marine  
  35  3:13  Marine  
  35  3:15  Siege Tank  
  39  3:21  SCV  
  39  3:24  Marine  
  41  3:29  Supply Depot  
  41  3:31  Marine  
  42  3:38  Starport  
  42  3:43  Barracks Tech Lab  
  42  3:50  SCV, Barracks Tech Lab  
  43  4:02  Stimpack  
  43  4:09  SCV  
  44  4:15  Supply Depot, Medivac  
  46  4:35  Combat Shields  
  46  4:40  Marauder, Marine  
  46  4:43  Barracks  
  46  4:45  Medivac  
  51  4:58  Marauder  
  53  5:01  Marine  
  53  5:06  Supply Depot  
  54  5:08  Command Center  
  54  5:19  Marauder, Marine  
  57  5:26  Siege Tank  
  60  5:31  Barracks Reactor  
  60  5:37  Marauder  
  60  5:41  Marauder  
  64  5:44  Supply Depot  
  64  5:58  Marauder  
  64  6:02  Marauder  
  68  6:09  Siege Tank  
  68  6:10  Supply Depot  
  71  6:20  SCV x2, Marauder  
  71  6:21  Engineering Bay  
  74  6:29  Marauder  
  74  6:32  SCV  
  77  6:33  SCV  
  78  6:44  SCV  
  78  6:45  Marauder  
  81  6:47  Refinery  
  81  6:49  SCV  
  81  6:52  Concussive Shells  
  82  6:56  SCV  
  82  7:01  SCV  
  84  7:08  SCV  
  84  7:13  SCV  
  86  7:18  Terran Infantry Weapons Level 1  
  86  7:20  SCV, Engineering Bay  
  87  7:25  SCV  
  88  7:32  Command Center, SCV  
  89  7:39  Orbital Command  
  89  7:45  Terran Infantry Armor Level 1, SCV  
  90  7:54  Supply Depot  
  90  7:57  SCV, Missile Turret  
  91  8:04  Missile Turret  
  91  8:05  SCV  
  92  8:13  Barracks, Starport Reactor  
  92  8:15  Marine  
  92  8:18  Marine  
  91  8:21  Marine  
  91  8:24  Marine  
  64  8:32  Marine  
  63  8:36  Marauder  
  63  8:38  Marine  
  66  8:42  Marine  
  66  8:45  SCV x2  
  66  8:46  SCV  
  70  8:50  Marine  
  71  8:56  Marine  
  71  8:57  SCV  
  71  8:58  Marauder  
  71  8:59  Marine  
  71  9:00  SCV  
  71  9:02  SCV  
  78  9:03  Liberator  
  78  9:05  Marine  
  78  9:09  SCV, Marauder  
  82  9:13  SCV  
  82  9:14  SCV, Marine  
  85  9:18  Liberator  
  85  9:19  Marauder  
  85  9:21  SCV  
  91  9:25  SCV  
  91  9:26  SCV  
  91  9:30  Marauder  
  95  9:33  SCV  
  95  9:37  SCV  
  100  9:38  SCV  
  100  9:40  Marauder  
  103  9:45  SCV  
  103  9:46  Marine, Liberator  
  103  9:47  Marine  
  103  9:51  Marauder, Orbital Command  
  108  9:58  Siege Tank  
  110  10:02  Marauder  
  110  10:06  Supply Depot  
  115  10:14  Marauder  
  117  10:18  Viking  
  117  10:20  Missile Turret  
  119  10:21  Marine  
  119  10:22  Missile Turret, Marine  
  119  10:23  Marauder  
  123  10:30  Siege Tank  
  123  10:31  Supply Depot  
  123  10:35  Marauder  
  128  10:37  Armory  
  128  10:44  Armory  
  128  10:45  Marauder  
  128  10:46  Viking  
  132  10:52  Viking  
  132  10:53  Missile Turret  
  132  10:55  Supply Depot  
  134  11:00  Refinery  
  134  11:01  Refinery  
  134  11:02  Widow Mine  
  136  11:09  Refinery  
  136  11:13  Missile Turret  
  136  11:18  Supply Depot  
  136  11:23  SCV  
  136  11:24  SCV x2  
  136  11:25  Terran Vehicle And Ship Armor Level 1, Terran Infantry Weapons Level 2  
  139  11:30  Widow Mine  
  139  11:31  Terran Vehicle Weapons Level 1  
  141  11:32  Missile Turret  
  141  11:34  Command Center  
  141  11:36  SCV  
  141  11:38  SCV x2  
  144  11:40  Medivac  
  144  11:42  Supply Depot  
  146  11:48  SCV  
  146  11:51  Factory  
  147  11:57  Infernal Pre-Igniter  
  147  11:59  Widow Mine  
  149  12:06  Supply Depot  
  149  12:17  Missile Turret  
  149  12:18  Missile Turret  
  149  12:28  Hellion, Starport  
  149  12:29  Supply Depot  
  151  12:35  Hellion  
  153  12:38  Missile Turret  
  153  12:45  Factory  
  153  12:46  SCV x2  
  153  12:47  SCV x2  
  153  12:49  Thor, Refinery  
  163  12:57  Hellion  
  166  12:58  SCV  
  166  13:00  SCV  
  166  13:05  Planetary Fortress, Missile Turret, Starport Tech Lab  
  167  13:07  Missile Turret  
  167  13:09  Refinery  
  167  13:12  Supply Depot  
  167  13:14  Missile Turret  
  167  13:18  Hellion  
  167  13:19  Hi-Sec Auto Tracking  
  169  13:24  Raven  
  171  13:30  Factory Tech Lab  
  171  13:31  Terran Vehicle Weapons Level 2  
  171  13:32  Hellion  
  171  13:33  Command Center  
  173  13:39  Hellion, Factory  
  175  13:41  Building Armor  
  177  13:48  Hellion  
  177  13:49  Liberator  
  177  13:53  Siege Tank  
  180  14:01  Factory Tech Lab  
  180  14:06  SCV  
  180  14:07  Raven  
  180  14:09  SCV, Siege Tank  
  188  14:19  Cyclone  
  188  14:21  Terran Infantry Weapons Level 3  
  191  14:26  Hellion  
  193  14:33  Marauder x2  
  192  14:40  Missile Turret  
  192  14:43  Missile Turret  
  192  14:45  Cyclone  
  193  14:46  SCV x3  
  193  14:47  Siege Tank  
  193  14:48  Supply Depot, Viking, Orbital Command  
  193  14:49  Hellion  
  193  14:51  Command Center, Siege Tank, Marine x2  
  193  14:52  Marine  
  163  14:55  Marauder x2  
  154  15:09  Marine  
  154  15:10  Hellion  
  154  15:12  Refinery, Marine  
  154  15:13  Missile Turret  
  154  15:14  Missile Turret, Marine  
  159  15:15  Missile Turret  
  159  15:16  Thor, Marauder x2  
  169  15:22  Hellion  
  169  15:25  Hellion  
  169  15:27  Raven, Marine  
  176  15:29  Marine  
  177  15:37  Marauder  
  177  15:38  Refinery, Marauder  
  181  15:51  Thor, Hellion  
  181  15:55  Hellion  
  190  15:57  SCV  
  190  15:59  Marauder x2  
  190  16:00  Hellion  
  197  16:15  Command Center, SCV  
  197  16:17  SCV  
  197  16:18  Command Center  
  197  16:20  Marauder x2  
  197  16:23  Siege Tank  
  197  16:25  Siege Tank  
  191  16:27  Marine x3  
  149  16:34  Siege Tank  
  149  16:35  Hellion  
  115  16:41  Marine  
  115  16:42  Marauder  
  115  16:45  Marine x2  
  96  16:47  SCV  
  89  16:56  Hellion  
  89  16:59  Marine  
  84  17:02  Marine  
  84  17:03  Marine  
  84  17:05  SCV  
  84  17:06  Hellion  
  77  17:18  Hellion  
  77  17:19  Barracks Tech Lab  
  77  17:27  SCV x2  
  72  17:30  Planetary Fortress  
  72  17:41  Armory  
  70  17:54  Supply Depot  
  70  17:55  Command Center  
  67  18:00  Refinery  
  67  18:03  Refinery  
  54  18:13  Refinery  
  54  18:16  Supply Depot  
  54  18:19  Engineering Bay  
  50  18:29  Refinery  
  50  18:31  SCV  
  50  18:33  SCV  
  39  18:43  SCV  
  39  18:45  Supply Depot  
  40  18:48  SCV  
  40  18:55  SCV  
  41  19:07  SCV  
  41  19:08  SCV  
  28  19:10  Command Center  
  18  19:19  SCV  
  18  19:20  SCV  
  18  19:22  Barracks  
  19  19:30  Barracks  
Tags
 
Composition
Bio TankMMM Bio
Matchup
TvT
Race
Terran
Replay Pack
First Pack
Add a new tag
Caveats
  • Supply blocks, unpowered buildings, or Contaminate may cause inaccurate times.
  • Supply counts are checked every 10 seconds.